AoeStats
← Mhafiki

Fortress

508363473Analyzed
3v3 RM · 9d ago on Sep 22, 2026· 17m 52s· 6 players
Game mode
Random Map
Map size
Large (8 player)
Population
200
Speed
Normal
Resources
Standard
Victory
Conquest
Starting age
Dark Age
Ending age
Imperial Age
RankedLock teamsTeams togetherTeam positionsShared explorationLock speedFull tech treeHidden civsTurbo modeCheats
Victory
Defeat
🇺🇸 Magyars · United States
1203
+14
🇺🇸 Malians · United States
1140
+17
🇺🇸 Hindustanis · United States
1132
+17
🇨🇳 Saracens · China
1227
-19
🇵🇪 Turks · Peru
1161
-16
🇧🇷 Cumans · Brazil
1090
-13
DVaso
8:11 Feudal Age
11:59 Castle Age
10:14 Double-Bit Axe
11:19 Loom
11:37 Scale Mail Armor
12:24 Forging
11:58 Horse Collar
13:31 Squires
13:25 Arson
Triqem
8:20 Feudal Age
12:37 Castle Age
11:37 Double-Bit Axe
11:35 Horse Collar
12:28 Gold Mining
17:46 Bow Saw
17:38 Heavy Plow
Mhafiki
8:57 Feudal Age
7:16 Loom
10:14 Horse Collar
12:37 Castle Age
11:54 Double-Bit Axe
12:51 Loom
13:21 Bloodlines
The_Valhalla
9:12 Feudal Age
10:47 Double-Bit Axe
10:44 Horse Collar
13:43 Castle Age
17:39 Imperial Age
wuyu
7:58 Feudal Age
11:49 Castle Age
10:53 Double-Bit Axe
10:51 Horse Collar
Tebano
2:52 Loom
9:09 Feudal Age
9:59 Man-at-Arms
11:21 Horse Collar
11:29 Double-Bit Axe
11:37 Gold Mining
19:28 Castle Age
Connection lost

Rejoining the realm…

Still unreachable

The connection could not be restored.

Session expired

The server has moved on; the page needs a fresh start.